 Dungeon Crawl Stone Soup version 0.29-a0-617-g7a6b98fccd (webtiles) character file.

Game seed: 17957450500298558341

19206 IdlyInterested the Cleaver (level 12, -1/101 HPs)
             Began as a Demonspawn Fighter on June 17, 2022.
             Slain by a minotaur
             ... wielding a +2 short sword of freezing
              (12 damage)
             ... in a Gauntlet.
             The game lasted 00:47:22 (12193 turns).

IdlyInterested the Cleaver (Demonspawn Fighter)    Turns: 12193, Time: 00:47:22

Health: -1/101     AC: 22    Str: 24    XL:     12   Next: 34%
Magic:  12/12      EV:  6    Int:  9    God:
Gold:   663        SH:  0    Dex: 13    Spells: 11/11 levels left

rFire   . . .      SeeInvis +   C - +5 battleaxe
rCold   . . .      Faith    .   (shield currently unavailable)
rNeg    . . .      Spirit   .   A - +1 crystal plate armour
rPois   +          Reflect  .   b - +1 hat
rElec   .          Harm     .   w - scarf {repulsion}
rCorr   .          Rampage  .   J - +0 pair of gloves
Will    .....      NoTele   +   (no boots)
Stlth   ..........              P - amulet of regeneration
HPRegen 1.06/turn               L - ring of poison resistance
MPRegen 0.13/turn               z - ring of flight

@: flying, repel missiles
A: antennae 2, powered by death 2, spiny 3, sharp scales 1, talons 1, see
invisible, robust 1, strong 1
a: no special abilities


You were in a Gauntlet.
You visited 3 branches of the dungeon, and saw 13 of its levels.
You also visited: Ossuary, Bailey and Gauntlet.

You collected 1413 gold pieces.
You spent 750 gold pieces at shops.

Inventory:

Hand Weapons
 a - a +1 war axe of protection
 c - a +1 great mace of protection
 t - a +0 morningstar
 C - a +5 battleaxe (weapon)
 O - a +3 war axe
 R - the +2 glaive of Darkness {drain, rCorr Str-2 Dex+9}
   (You found it in a bailey)

   A truly terrible weapon, it drains the life of any living foe it strikes.
   Str:       It affects your strength (-2).
   Dex:       It affects your dexterity (+9).
   rCorr:     It protects you from acid and corrosion.
 U - a +0 broad axe
Missiles
 e - 2 throwing nets
 j - 545 stones
 m - 29 poisoned darts (quivered)
 x - 2 atropa-tipped darts
 y - 32 boomerangs
Armour
 b - a +1 hat (worn)
 v - the +5 ring mail "Zoxkois" {Fly rC+ Str-2}
   (You found it on level 5 of the Dungeon)

   Str:       It affects your strength (-2).
   rC:        It protects you from cold.
   Fly:       It grants you flight.
 w - a scarf of repulsion (worn)
 A - a +1 crystal plate armour (worn)
 F - a +0 kite shield
 J - a +0 pair of gloves (worn)
 N - a +3 leather armour of willpower
 T - a +1 pair of boots of flying
Jewellery
 l - a ring of see invisible
 r - an amulet of the acrobat
 z - a ring of flight (right hand)
 L - a ring of poison resistance (left hand)
 P - an amulet of regeneration (around neck)
Wands
 H - a wand of mindburst (25)
 I - a wand of iceblast (14)
Scrolls
 i - a scroll of teleportation
 q - 2 scrolls of poison
 u - 8 scrolls of identify
 B - 2 scrolls of fog
 E - 2 scrolls of blinking
 G - 2 scrolls of amnesia
Potions
 d - 2 potions of might
 f - 4 potions of heal wounds
 g - 2 potions of mutation
 h - 9 potions of curing
 k - 2 potions of magic
 n - a potion of haste
 o - 2 potions of brilliance
 p - 2 potions of cancellation
 s - a potion of berserk rage
 D - a potion of ambrosia
 M - a potion of invisibility
 Q - 3 potions of flight
Miscellaneous
 K - a tin of tremorstones (2/2)


   Skills:
 - Level 8.0 Fighting
 * Level 12.4 Axes
 - Level 3.0 Throwing
 * Level 7.3 Armour
 - Level 7.0 Dodging
 - Level 3.0 Stealth
 - Level 3.0 Shields
 + Level 7.5 Evocations


You had 11 spell levels left.
You didn't know any spells.
Your spell library contained the following spells:

 Spells                   Type           Power      Damage    Failure   Level
 Necrotize                Necr           0%         1d4       100%        1
 Sandblast                Erth           0%         2d4       100%        1
 Call Imp                 Summ           0%         N/A       100%        2
 Passwall                 Tmut/Erth      0%         N/A       100%        2
 Mephitic Cloud           Conj/Pois/Air  0%         N/A       100%        3
 Portal Projectile        Hex/Tloc       0%         N/A       100%        3
 Stone Arrow              Conj/Erth      0%         3d7       100%        3
 Tukima's Dance           Hex            0%         N/A       100%        3
 Corpse Rot               Necr/Pois/Air  0%         N/A       100%        4
 Summon Ice Beast         Ice/Summ       0%         N/A       100%        4
 Blade Hands              Tmut           0%         N/A       100%        5
 Summon Mana Viper        Hex/Summ       0%         N/A       100%        5
 Monstrous Menagerie      Summ           0%         N/A       100%        7
 Death's Door             Necr           0%         N/A       100%        9
 Dragon's Call            Summ           0%         N/A       100%        9


Dungeon Overview and Level Annotations

Branches:
Dungeon (9/15)             Temple (1/1) D:7            Lair (3/6) D:9
 Spider (0/4) Lair:2          Orc (0/2) D:9         Ossuary (visited)
 Bailey (visited)         Gauntlet (1/1)
  Swamp: Lair:2-4    Shoals: Lair:2-4

Altars:
Ashenzari
Cheibriados
Dithmenos
Fedhas
Gozag
Hepliaklqana
Kikubaaqudgha
Makhleb
Nemelex Xobeh
Okawaru
Qazlal
Ru
Sif Muna
Trog
Uskayaw
Vehumet
Wu Jian
Xom
Yredelemnul

Shops:
D:7 *

Annotations:
Gauntlet 8 transporters, 2 runed translucent doors


Innate Abilities, Weirdness & Mutations

You have a pair of antennae on your head.
You regenerate health from kills.
You are completely covered in sharp spines.
You are partially covered in razor-sharp scales. (AC +1, Slay +1)
You have sharp toenails.
You have supernaturally acute eyesight. (SInv)
You are robust. (+10% HP)
Your muscles are strong. (Str +4, Int/Dex-1)


Message History

The minotaur freezes you.
The minotaur gores you but does no damage.
You hit the minotaur but do no damage.
The minotaur is severely wounded.
The minotaur hits you but does no damage.
The minotaur gores you.
You slash the minotaur!
The minotaur is severely wounded.
The minotaur hits you with a +2 short sword of freezing!
The minotaur freezes you.
The minotaur gores you but does no damage.
The minotaur is struck by your spines.
The minotaur hits you with a +2 short sword of freezing!
The minotaur freezes you.
The minotaur gores you but does no damage.
You feel much better.
The minotaur hits you with a +2 short sword of freezing!
The minotaur freezes you.
The minotaur gores you but does no damage.
You hit the minotaur but do no damage.
You claw the minotaur, but do no damage.
The minotaur is almost dead.
The minotaur hits you with a +2 short sword of freezing!!
* * * LOW HITPOINT WARNING * * *
The minotaur freezes you.
* * * LOW HITPOINT WARNING * * *
The minotaur gores you but does no damage.
The minotaur is struck by your spines.
The minotaur hits you but does no damage.
The minotaur gores you!
* * * LOW HITPOINT WARNING * * *
You feel much better.
The minotaur hits you with a +2 short sword of freezing!
* * * LOW HITPOINT WARNING * * *
The minotaur freezes you.
* * * LOW HITPOINT WARNING * * *
The minotaur gores you.
* * * LOW HITPOINT WARNING * * *
The minotaur hits you with a +2 short sword of freezing!
You die...

##..#9##
###########≈..#Y.9
#........###..####
##.##.###..##......
#8..........#..####
#.....#.#...#..#...
#########.#.#.©.#8.#.#.
#8[8}8.8#...#...#..#.#.
#∩...H@.'.###.©.#∩.#©##
#8?8:8.8#...#...#..#.#.
#########.#.#.©.#8.#.#.
#.....#.#...#..#...
#8..........#..####
##.##.###..##......
#........###..####
###########≈..###Y
##..###.


You could see a minotaur (fast).

Vanquished Creatures
  2 centaur warriors (D:9)
  A tengu warrior (Gauntlet)
  An orb spider (Lair:2)
  An obsidian statue (Gauntlet)
  A torpor snail (Lair:3)
  3 cane toads
  6 komodo dragons
  3 rime drakes
  2 tengu conjurers (Gauntlet)
  5 blink frogs (Lair:3)
  8 flying skulls (Gauntlet)
  2 shadows (D:9)
  17 yaks
  A basilisk (Lair:2)
  2 steam dragons (D:7)
  2 wargs (D:9)
  7 water moccasins
  6 orc warriors
  A hornet zombie (D:6)
  2 ogres
  4 ice beasts
  5 black bears
  12 wolves
  7 centaurs
  2 phantoms
  6 bullfrogs
  2 kobold brigands
  2 gnoll sergeants
  A scorpion (D:7)
  4 wights (D:7)
  6 killer bees (D:9)
  3 howler monkeys
  2 jellies
  12 orc priests
  2 gnoll shamans
  2 hounds
  12 orc wizards
  3 iguanas
  6 hell rats (Lair:1)
  A killer bee zombie (D:6)
  8 mummies (Ossuary)
  Robin (D:3)
  27 gnolls
  7 adders
  An ufetubus (D:6)
  3 worms (D:2)
  A dart slug (D:1)
  28 orcs
  4 ball pythons
  4 bats
  3 endoplasms
  A giant cockroach (D:4)
  26 goblins
  18 hobgoblins
  9 jackals
  7 quokkas
  4 frilled lizards
  2 gnoll zombies (Ossuary)
  3 hobgoblin zombies (Ossuary)
  24 kobolds
  3 orc zombies (Ossuary)
  4 rats
355 creatures vanquished.

Vanquished Creatures (others)
  5 fungi
  6 plants
  A withered plant (Gauntlet)
12 creatures vanquished.

Grand Total: 367 creatures vanquished

Notes
Turn   | Place    | Note
-------+----------+-------------------------------------------
     0 | D:1      | IdlyInterested the Demonspawn Fighter began the quest for
                  | the Orb.
     0 | D:1      | Reached XP level 1. HP: 18/18 MP: 1/1
   355 | D:1      | Reached skill level 2 in Axes
   365 | D:1      | Gained mutation: You regenerate a little health from kills.
                  | [demonic ancestry]
   365 | D:1      | Reached XP level 2. HP: 13/24 MP: 2/2
   657 | D:1      | Reached XP level 3. HP: 25/29 MP: 3/3
   816 | D:1      | Reached skill level 1 in Dodging
  1792 | D:2      | Found a faded altar of an unknown god.
  1977 | D:2      | Gained mutation: You are partially covered in sharp spines.
                  | [demonic ancestry]
  1977 | D:2      | Reached XP level 4. HP: 35/35 MP: 4/4
  2115 | D:2      | Reached skill level 3 in Axes
  2517 | D:3      | Noticed Robin
  2531 | D:3      | Killed Robin
  2532 | D:3      | Gained mutation: You are partially covered in razor-sharp
                  | scales. (AC +1, Slay +1) [demonic ancestry]
  2532 | D:3      | Reached XP level 5. HP: 41/41 MP: 5/5
  2616 | D:3      | Found a sparkling altar of Nemelex Xobeh.
  2616 | D:3      | Found a shadowy altar of Dithmenos.
  2624 | D:3      | Found a shimmering altar of Xom.
  2626 | D:3      | Found a snail-covered altar of Cheibriados.
  2628 | D:3      | Found a faded altar of an unknown god.
  2998 | D:3      | HP: 1/38 [gnoll/+0 halberd (9)]
  3485 | D:3      | Gained mutation: You expend magic power (3 MP) to
                  | strengthen your wands. [potion of mutation]
  3485 | D:3      | Gained mutation: You are weak. (Str -2) [potion of
                  | mutation]
  3485 | D:3      | Gained mutation: Your mind is acute. (Int +4, Str/Dex-1)
                  | [potion of mutation]
  3970 | D:4      | Noticed a phantom
  3980 | D:4      | Killed a phantom
  3981 | D:4      | Reached skill level 4 in Axes
  3981 | D:4      | Gained mutation: You have a pair of small antennae on your
                  | head. [demonic ancestry]
  3981 | D:4      | Reached XP level 6. HP: 29/47 MP: 6/6
  4260 | D:4      | Reached skill level 1 in Throwing
  4721 | D:5      | Entered Level 5 of the Dungeon
  4724 | D:5      | Identified the +5 ring mail "Zoxkois" {Fly rC+ Str-2}
  4805 | D:5      | Reached skill level 1 in Stealth
  4827 | D:5      | Reached skill level 1 in Evocations
  4827 | D:5      | Reached XP level 7. HP: 38/52 MP: 7/7
  4888 | D:5      | Found an ornate altar of the Wu Jian Council.
  4891 | D:5      | Reached skill level 5 in Axes
  5215 | D:5      | Gained mutation: You are mostly covered in sharp spines.
                  | [demonic ancestry]
  5215 | D:5      | Reached XP level 8. HP: 30/60 MP: 8/8
  5390 | D:5      | Reached skill level 6 in Axes
  5593 | D:5      | Found a shimmering blue altar of Sif Muna.
  5698 | D:6      | Found a sand-covered staircase.
  5703 | Ossuary  | Entered an ossuary
  6029 | Ossuary  | Reached skill level 5 in Fighting
  6214 | D:6      | Reached skill level 7 in Axes
  6518 | D:6      | Found a basalt altar of Yredelemnul.
  6610 | D:6      | Lost mutation: Your mind is acute. (Int +4, Str/Dex-1)
                  | [potion of mutation]
  6610 | D:6      | Lost mutation: You are weak. (Str -2) [potion of mutation]
  6610 | D:6      | Lost mutation: You expend magic power (3 MP) to strengthen
                  | your wands. [potion of mutation]
  6610 | D:6      | Gained mutation: You have large cloven feet. [potion of
                  | mutation]
  6610 | D:6      | Gained mutation: You are clumsy. (Dex -2) [potion of
                  | mutation]
  6610 | D:6      | Gained mutation: Your flesh is heat resistant. (rF+)
                  | [potion of mutation]
  6615 | D:7      | Found Ynuelyr's Lightly-Used Armoury.
  6626 | D:7      | Reached XP level 9. HP: 68/68 MP: 9/9
  6713 | D:7      | Reached skill level 5 in Armour
  6808 | D:7      | Found a staircase to the Ecumenical Temple.
  6817 | Temple   | Entered the Ecumenical Temple
  7026 | D:7      | Got the Disquisition on the Escort
  7072 | D:7      | Found a radiant altar of Vehumet.
  7087 | D:7      | Reached skill level 8 in Axes
  7348 | D:8      | Found a flagged portal.
  7361 | Bailey   | Entered a bailey
  7465 | Bailey   | Reached skill level 5 in Dodging
  7529 | Bailey   | Identified the +2 glaive of Darkness {drain, rCorr Str-2
                  | Dex+9}
  7569 | Bailey   | Identified the +0 leather armour of Gravity {Str+4}
  7582 | Bailey   | Got the Almanac of the Several Xenops
  7713 | Bailey   | Identified the +8 hunting sling of Prudence {venom, MP+9}
  7915 | D:8      | Gained mutation: You are completely covered in sharp
                  | spines. [demonic ancestry]
  7915 | D:8      | Reached XP level 10. HP: 76/76 MP: 10/10
  8082 | D:8      | Reached skill level 9 in Axes
  8086 | D:8      | Reached skill level 5 in Evocations
  8256 | D:7      | Bought a -1 crystal plate armour for 750 gold pieces
  8446 | D:9      | Found a staircase to the Orcish Mines.
  8461 | D:9      | Found a hide-covered altar of Uskayaw.
  8513 | D:9      | Found a bloodstained altar of Trog.
  8641 | D:9      | Noticed a centaur warrior
  8646 | D:9      | Killed a centaur warrior
  8733 | D:9      | Noticed a centaur warrior
  8742 | D:9      | Killed a centaur warrior
  8909 | D:9      | Reached skill level 10 in Axes
  9148 | D:9      | Found a staircase to the Lair.
  9318 | Lair:1   | Entered Level 1 of the Lair of Beasts
  9327 | Lair:1   | Gained mutation: You have a pair of antennae on your head.
                  | [demonic ancestry]
  9327 | Lair:1   | Reached XP level 11. HP: 77/83 MP: 11/11
  9892 | Lair:1   | Reached skill level 11 in Axes
 10241 | Lair:2   | Identified the +6 quarterstaff "Gibanyr" {freeze, Dex+4}
 10910 | Lair:2   | Found a hole to the Spider Nest.
 10910 | Lair:2   | Noticed an orb spider
 10923 | Lair:2   | Killed an orb spider
 11536 | Lair:2   | Lost mutation: You have large cloven feet. [potion of
                  | mutation]
 11536 | Lair:2   | Lost mutation: Your flesh is heat resistant. (rF+) [potion
                  | of mutation]
 11536 | Lair:2   | Lost mutation: You are clumsy. (Dex -2) [potion of
                  | mutation]
 11536 | Lair:2   | Gained mutation: Your muscles are strong. (Str +4,
                  | Int/Dex-1) [potion of mutation]
 11536 | Lair:2   | Gained mutation: You have supernaturally acute eyesight.
                  | (SInv) [potion of mutation]
 11536 | Lair:2   | Gained mutation: You have sharp toenails. [potion of
                  | mutation]
 11536 | Lair:2   | Gained mutation: You are robust. (+10% HP) [potion of
                  | mutation]
 11643 | Lair:3   | Gained mutation: You regenerate health from kills. [demonic
                  | ancestry]
 11643 | Lair:3   | Reached XP level 12. HP: 40/100 MP: 12/12
 11647 | Lair:3   | Found a gate leading to a gauntlet.
 11655 | Lair:3   | Reached skill level 12 in Axes
 11660 | Gauntlet | Entered a Gauntlet
 11660 | Gauntlet | Found a transporter.
 11660 | Gauntlet | Found a transporter.
 11666 | Gauntlet | Noticed a tengu warrior
 11774 | Gauntlet | Found a transporter.
 11775 | Gauntlet | Found a transporter.
 11777 | Gauntlet | Found a transporter.
 11841 | Gauntlet | Found a transporter.
 11844 | Gauntlet | Found a transporter.
 11887 | Gauntlet | Found a transporter.
 11890 | Gauntlet | Found a transporter.
 11890 | Gauntlet | Found a transporter.
 11898 | Gauntlet | Noticed a catoblepas
 11905 | Gauntlet | Found a transporter.
 11921 | Gauntlet | Found a transporter.
 11928 | Gauntlet | Noticed a death yak
 11928 | Gauntlet | Noticed a death yak
 11928 | Gauntlet | Noticed a death yak
 11929 | Gauntlet | Noticed a death yak
 11929 | Gauntlet | Noticed a death yak
 11929 | Gauntlet | Noticed a death yak
 11930 | Gauntlet | Found a runed translucent door.
 11931 | Gauntlet | Found a transporter.
 11932 | Gauntlet | Found a runed translucent door.
 11946 | Gauntlet | Found a transporter.
 12039 | Gauntlet | Killed a tengu warrior
 12107 | Gauntlet | Identified the +3 helmet "Luesih" {MP+9}
 12178 | Gauntlet | Noticed a minotaur
 12193 | Gauntlet | Slain by a minotaur

Illustrated notes

Levels and vault maps discovered:
D:1:      mrwooster_arrival_statue_2, layout_basic, serial_co_window_serial,
          co_window_corner_a, co_window_of_opportunity_a,
          co_window_of_opportunity_a, co_window_corner_a, co_window_paths_a,
          co_window_paths_c, co_window_broadway_c, co_window_of_opportunity_b,
          co_window_of_opportunity_b, co_window_paths_c, co_window_broadway_c,
          co_window_paths_d, glass_columns_b, glass_columns_b, glass_columns_b,
          glass_columns_b, glass_columns_a, due_unseen_surprise
D:2:      minmay_wonky_spiral, layout_loops_ring,
          ebering_ecumenical_altar_abandoned
D:3:      cheibrodos_old_hovel, layout_loops_ring,
          chequers_temple_overflow_minitemple, uniq_robin
D:4:      layout_loops_corners
D:5:      layout_cave_pools, old_standard_altar, tgw_sif, minivault_27
D:6:      layout_rooms, lemuel_zombie_altar_yredelemnul,
          nicolae_ossuary_entry_plus
D:7:      layout_cave_pools, amcnicky_altar_gilded,
          minmay_temple_entry_junction, minmay_misc_feat_chi,
          minmay_shop_damaged
D:8:      layout_cave_pools, enter_bailey_4, kennysheep_potato
D:9:      hellmonk_crumbling_castle, layout_loops_ring, trog_book,
          nicolae_uskayaw_murder_on_the_dancefloor, erik_lair_orcish_takeover,
          minmay_bent
Temple:   nicolae_temple_figure_zero
Lair:1:   layout_chaotic_city, lemuel_fruit_tree
Lair:2:   layout_cave_pods, nicolae_spider_entry_orb_guardian,
          serial_bayou_shore_b, grunt_megastairs_4, infiniplex_staircase_pool_2
Lair:3:   layout_hall_layers, gauntlet_entry_generic, grunt_megastairs_1
Gauntlet: gammafunk_gauntlet_mixed_choke_point [minmay_gauntlet_arena_77_mess,
          minmay_gauntlet_arena_77_squiggly, minmay_gauntlet_arena_77_museum,
          nicolae_gauntlet_arena_quarters, minmay_gauntlet_arena_77_cramped,
          minmay_gauntlet_arena_77_two_paths, minmay_gauntlet_arena_77_braids,
          nicolae_gauntlet_exit_dead_adventurers]

Skill      XL: |  1  2  3  4  5  6  7  8  9 10 11 12 |
---------------+-------------------------------------+-----
Axes           | 2 3 4 5 7 8 10 11 12 | 12.4
Armour         | 3 4 5 6 7 |  7.3
Dodging        | 1 2 3 4 5 6 7 |  7.0
Throwing       | 1 2 3 |  3.0
Stealth        | 1 2 3 |  3.0
Evocations     | 1 2 4 6 7 |  7.5
Fighting       | 4 5 6 7 8 |  8.0
Shields        | 3 |  3.0

Action                   |  1- 3 |  4- 6 |  7- 9 | 10-12 || total
-------------------------+-------+-------+-------+-------++-------
Melee: War axe           |   100 |   110 |   188 |       ||   398
       Kick              |       |       |    27 |    65 ||    92
       Battleaxe         |       |       |    64 |   233 ||   297
Throw: Stone             |       |    20 |    27 |       ||    47
       Boomerang         |       |       |       |     3 ||     3
       Dart              |       |       |       |     1 ||     1
       Throwing net      |       |       |       |     1 ||     1
Evoke: Wand              |       |       |    12 |     2 ||    14
  Use: Scroll            |     4 |     9 |    11 |     4 ||    28
       Potion            |     3 |     2 |     2 |     6 ||    13
Armor: Scale mail        |    51 |    52 |       |       ||   103
       Ring mail         |       |    13 |   137 |     1 ||   151
       Crystal plate arm |       |       |       |   173 ||   173
Dodge: Dodged            |    56 |    45 |   172 |   108 ||   381
       Repelled          |       |       |     1 |       ||     1
Block: Buckler           |    29 |    29 |    59 |       ||   117

Table legend: (Time is in decaauts)
 A = Elapsed time spent in this place.
 B = Non-inter-level travel time spent in this place.
 C = Inter-level travel time spent in this place.
 D = Time resting spent in this place.
 E = Time spent auto-exploring this place.
 F = Levels seen in this place.
 G = Mean time per level.
                   A        B        C        D        E       F      G
               +--------+--------+--------+--------+--------+-----+--------+
         Total |  12360 |  11930 |    430 |   1792 |   6919 |  16 |  772.5 |
       Dungeon |   8512 |   8154 |    358 |   1291 |   4856 |   9 |  945.8 |
        Temple |    123 |    123 |      0 |      0 |    113 |   1 |  123.0 |
          Lair |   2362 |   2291 |     71 |    242 |   1682 |   3 |  787.3 |
       Ossuary |    479 |    479 |      0 |     91 |    227 |   1 |  479.0 |
        Bailey |    364 |    364 |      0 |     56 |     34 |   1 |  364.0 |
      Gauntlet |    517 |    517 |      0 |    112 |      7 |   1 |  517.0 |
               +--------+--------+--------+--------+--------+-----+--------+

Top non-repeatable levels by time:
     D:1: 1415 daAuts
  Lair:2: 1349 daAuts
     D:3: 1194 daAuts
     D:4: 1189 daAuts
     D:9: 1028 daAuts
     D:2: 1001 daAuts
  Lair:1: 928 daAuts
     D:5: 901 daAuts
     D:8: 662 daAuts
     D:7: 566 daAuts
     D:6: 552 daAuts
Gauntlet: 517 daAuts
 Ossuary: 479 daAuts
  Bailey: 364 daAuts
  Temple: 123 daAuts
